 Dungeon Crawl Stone Soup version 0.28-a0-984-g3775c662fe (webtiles) character file.

Game seed: 14094038214904360103

110 vurker the Gusty (level 4, 19/19 HPs)
             Began as a Felid Air Elementalist on Dec 3, 2021.
             Quit the game on level 4 of the Dungeon.
             The game lasted 00:03:45 (4793 turns).

vurker the Gusty (Felid Air Elementalist)           Turns: 4793, Time: 00:03:46

Health: 19/19      AC:  1    Str:  4    XL:     4   Next: 61%
Magic:  10/10      EV: 17    Int: 19    God:
Gold:   118        SH:  0    Dex: 16    Spells: 5/10 levels left
                                        Lives:  0   Deaths: 1

rFire   . . .      SeeInvis +   (weapon unavailable)
rCold   . . .      Faith    .   (shield unavailable)
rNeg    . . .      Spirit   .   (armour unavailable)
rPois   .          Reflect  .   (helmet unavailable)
rElec   .          Harm     .   (cloak unavailable)
rCorr   .          Rampage  .   (gloves unavailable)
Will    .....                   (boots unavailable)
Stlth   ++........              (no amulet)
HPRegen 0.06/turn               (no ring)
MPRegen 0.12/turn               (no ring)

@: quick
A: very small, claws 1, fangs 3, see invisible, speed 1, shaggy fur 1, stealthy
paws, no weapons or thrown items, no armour, multi-lived
a: no special abilities


You were on level 4 of the Dungeon.
You visited 1 branch of the dungeon, and saw 4 of its levels.

You collected 118 gold pieces.

Inventory:

Wands
 j - a wand of charming (7)
   (You found it on level 3 of the Dungeon)
Scrolls
 a - 2 scrolls of fear {unknown}
 c - a scroll of silence {unknown}
 e - 3 scrolls of identify {unknown}
 g - a scroll of teleportation {unknown}
 i - a scroll of immolation {unknown}
 k - a scroll of magic mapping {unknown}
Potions
 b - a potion of curing {unknown}
 d - 2 potions of brilliance {unknown}
 f - a potion of magic {unknown}
 h - 2 potions of heal wounds {unknown}


   Skills:
 + Level 1.9 Fighting
 - Level 2.6 Dodging
 - Level 2.6 Stealth
 * Level 3.5 Spellcasting
 + Level 2.1 Conjurations
 * Level 4.0 Air Magic


You had 5 spell levels left.
You knew the following spells:

 Your Spells              Type           Power      Damage    Failure   Level
a - Shock                 Conj/Air       60%        1d6       4%          1
c - Airstrike             Air            9%         N/A       28%         4

Your spell library contained the following spells:

 Spells                   Type           Power      Damage    Failure   Level
 Static Discharge         Conj/Air       15%        N/A       6%          2
 Swiftness                Air            18%        N/A       9%          3
 Summon Small Mammal      Summ           12%        N/A       14%         1
 Ensorcelled Hibernation  Hex/Ice        6%         N/A       22%         2
 Summon Forest            Summ/Tloc      1%         N/A       99%         5
 Summon Mana Viper        Hex/Summ       3%         N/A       99%         5
 Malign Gateway           Summ/Tloc      1%         N/A       100%        7


Dungeon Overview and Level Annotations

Branches:
Dungeon (4/15)
 Temple: D:4-7

Altars:


Innate Abilities, Weirdness & Mutations

You have sharp claws.
You have razor-sharp teeth.
You have supernaturally acute eyesight. (SInv)
You cover ground quickly. (Speed+)
You are covered in fur. (AC +1)
Your paws help you pounce on unaware monsters.
You are incapable of wielding weapons or throwing items.
You cannot wear armour.
You gain extra lives every three experience levels.


Message History

Found an escape hatch in the ceiling.
You now have 118 gold pieces (gained 10).
An orc wizard comes into view.
It is wielding a +0 dagger and wearing a +0 robe of resistance.
Things that are here:
a +0 dagger; 5 stones; a kobold corpse An orc wizard is nearby!
Aim: an orc wizard, wielding a +0 dagger and wearing a +0 robe of resistance (wandering, hasn't noticed you, 64% to hit)
The zap hits the orc wizard.
The orc wizard shouts!
The orc wizard casts a spell at you. The puff of flame hits you!
You hear a shout!
Aim: an orc wizard, wielding a +0 dagger and wearing a +0 robe of resistance (lightly wounded, 64% to hit)
The zap hits the orc wizard.
Aim: an orc wizard, wielding a +0 dagger and wearing a +0 robe of resistance (moderately wounded, 64% to hit)
You miscast Shock.
You are very lightly contaminated with residual magic.
Nothing appears to happen.
Aim: an orc wizard, wielding a +0 dagger and wearing a +0 robe of resistance (moderately wounded, 64% to hit)
The zap hits the orc wizard.
Aim: an orc wizard, wielding a +0 dagger and wearing a +0 robe of resistance (moderately wounded, 64% to hit)
The zap hits the orc wizard.
Aim: an orc wizard, wielding a +0 dagger and wearing a +0 robe of resistance (heavily wounded, 64% to hit)
The zap hits the orc wizard.
An orc comes into view.
It is wielding a +0 hand axe and quivering poisoned darts.
Aim: an orc wizard, wielding a +0 dagger and wearing a +0 robe of resistance (severely wounded, 64% to hit)
The zap hits the orc wizard.
The orc shouts!
A quokka comes into view.
The orc wizard points at you and mumbles some strange words.
The puff of flame hits you!
Ouch! That really hurt!
* * * LOW HITPOINT WARNING * * *
Aim: an orc wizard, wielding a +0 dagger and wearing a +0 robe of resistance (severely wounded, 64% to hit)
The zap hits the orc wizard.
You kill the orc wizard!
The zap hits the orc.
An orc comes into view. It is wielding a +0 mace.
An orc comes into view. It is wielding a +0 club.
Your Air Magic skill increases to level 4!
The orc throws a poisoned dart.
The poisoned dart closely misses you.
Your magical contamination has completely faded away.
A jackal comes into view.
The quokka misses you.
A jackal comes into view.
The quokka bites you.
You die...
You are now level 4!
You rejoin the land of the living...
Found 14 bolts.
Found a stone staircase leading down.

......h......r....
##.......##.#####....
#... ... ##..) #... ##..
#o.. #... ... #...) #...
.. . #.... #..#. ...
...o.. ...##...##.....
....#o. .......@.......
........
.##................##...
##............. ###..
#........(..#..##.#..
#...........#?...>...
...........##....<.o.
..#.........#.........
.........>.............
...........


There were no monsters in sight!

Vanquished Creatures
  A howler monkey (D:3)
  A centaur zombie (D:3)
  An orc wizard (D:4)
  5 adders
  2 worms (D:2)
  An orc (D:4)
  5 ball pythons
  An endoplasm (D:4)
  3 giant cockroaches
  7 goblins
  4 hobgoblins
  11 jackals
  6 quokkas
  7 bats
  2 frilled lizards
  6 kobolds
  7 rats
70 creatures vanquished.

Vanquished Creatures (others)
  7 plants
7 creatures vanquished.

Grand Total: 77 creatures vanquished

Notes
Turn   | Place    | Note
-------+----------+-------------------------------------------
     0 | D:1      | vurker the Felid Air Elementalist began the quest for the
                  | Orb.
     0 | D:1      | Reached XP level 1. HP: 7/7 MP: 4/4
     1 | D:1      | Noticed an elf
    11 | D:1      | Noticed a ghoul
    13 | D:1      | Noticed an ogre
    19 | D:1      | Noticed a barachi
    23 | D:1      | Noticed a draconian
    39 | D:1      | Found a faded altar of an unknown god.
   298 | D:1      | Reached skill level 1 in Conjurations
   441 | D:1      | Reached XP level 2. HP: 12/12 MP: 4/6
   907 | D:1      | Reached skill level 3 in Air Magic
  1279 | D:1      | Reached XP level 3. HP: 15/15 MP: 5/7
  1331 | D:1      | Got the Compendium of the Enthralling Escort
  1612 | D:2      | Reached skill level 1 in Fighting
  2237 | D:2      | Reached XP level 4. HP: 19/19 MP: 5/9
  3941 | D:3      | Reached XP level 5. HP: 22/22 MP: 8/10
  4657 | D:4      | Learned a level 4 spell: Airstrike
  4787 | D:4      | Reached skill level 4 in Air Magic
  4792 | D:4      | Slain by a quokka
  4793 | D:4      | Reached XP level 4. HP: -1/19 MP: 4/10
  4793 | D:4      | Quit the game

Illustrated notes

Levels and vault maps discovered:
D:1:      shiori_arrival_whats_in_store_for_you, layout_loops_corners,
          basic_ecumenical_altar
D:2:      layout_basic, dk_noncrumbling_2, serial_bayou_pond_b
D:3:      layout_loops_ring, serial_forest, infiniplex_forest_zigzag_1,
          infiniplex_forest_end_2, infiniplex_forest_clump_curved,
          infiniplex_forest_clump_small, infiniplex_forest_straight_2,
          infiniplex_forest_clump_double
D:4:      kennysheep_big_flooded_room, layout_cave_pools, uniq_natasha

Skill      XL: |  1  2  3  4  5 |
---------------+----------------+-----
Conjurations   | 1 2 |  2.1
Air Magic      | 3 4 |  4.0
Fighting       | 1 |  1.9
Spellcasting   | 3 |  3.5
Dodging        | |  2.6
Stealth        | |  2.6

Action                   |  1- 3 |  4- 6 || total
-------------------------+-------+-------++-------
Melee: Unarmed           |    17 |    24 ||    41
 Cast: Shock             |    82 |    88 ||   170
Armor: Skin              |     1 |     3 ||     4
Dodge: Dodged            |    30 |    22 ||    52

Table legend: (Time is in decaauts)
 A = Elapsed time spent in this place.
 B = Non-inter-level travel time spent in this place.
 C = Inter-level travel time spent in this place.
 D = Time resting spent in this place.
 E = Time spent auto-exploring this place.
 F = Levels seen in this place.
 G = Mean time per level.
                   A        B        C        D        E       F      G
               +--------+--------+--------+--------+--------+-----+--------+
         Total |   4257 |   4089 |    168 |    182 |   3476 |   4 | 1064.2 |
       Dungeon |   4257 |   4089 |    168 |    182 |   3476 |   4 | 1064.2 |
               +--------+--------+--------+--------+--------+-----+--------+

Top non-repeatable levels by time:
     D:2: 1498 daAuts
     D:3: 1348 daAuts
     D:1: 1272 daAuts
     D:4: 137 daAuts
